 Dungeon Crawl Stone Soup version 0.27-a0-1557-g57f10a385c (webtiles) character file.

Game seed: 3037110056919933425

2228 hellse the Destroyer (level 9, 0/51 HPs)
             Began as a Deep Elf Conjurer on July 15, 2021.
             Was a Believer of Vehumet.
             Slain by an unseen horror (10 damage)
             ... on level 6 of the Dungeon.
             The game lasted 00:12:38 (8074 turns).

hellse the Destroyer (Deep Elf Conjurer)            Turns: 8074, Time: 00:12:39

Health: 0/51       AC:  3    Str:  4    XL:     9   Next: 14%
Magic:  9/21       EV: 14    Int: 27    God:    Vehumet [**....]
Gold:   363        SH:  0    Dex: 13    Spells: 10/21 levels left

rFire    + + .     SeeInvis .   x - +2 short sword of Oenomania {vamp, *Rage rF+ Will++}
rCold    + . .     Faith    .   (no shield)
rNeg     . . .     Spirit   .   a - +0 robe
rPois    .         Reflect  .   (no helmet)
rElec    .         Harm     .   p - scarf {rC+ rF+}
rCorr    .         Rampage  .   o - +0 pair of gloves
Will     ++...     Rnd*Rage +   (no boots)
Stlth    ++........             (no amulet)
HPRegen  0.17/turn              (no ring)
MPRegen  0.17/turn              (no ring)

@: marked
A: no striking features
a: Renounce Religion


You were on level 6 of the Dungeon.
You worshipped Vehumet.
Vehumet was pleased with you.
You visited 1 branch of the dungeon, and saw 6 of its levels.
You also visited: Sewer.

You collected 363 gold pieces.

Inventory:

Hand Weapons
 e - a +0 club
 h - a +0 dagger of electrocution
 x - the +2 short sword of Oenomania (weapon) {vamp, *Rage rF+ Will++}
   (You found it on level 5 of the Dungeon)

   It occasionally heals its wielder for a portion of the damage dealt when it
   wounds a living foe.
   rF:        It protects you from fire.
   *Rage:     It may make you go berserk in combat.
   Will:      It greatly increases your willpower.
 y - a +0 dagger of venom
Armour
 a - a +0 robe (worn)
 o - a +0 pair of gloves (worn)
 p - a scarf of resistance (worn)
Scrolls
 c - 2 scrolls of vulnerability
 f - 4 scrolls of fog
 g - a scroll of noise
 k - 2 scrolls of fear {unknown}
 m - a scroll of teleportation {unknown}
 q - a scroll of magic mapping {unknown}
 t - 5 scrolls of identify
 u - a scroll of blinking {unknown}
 w - a scroll of amnesia
 z - a scroll of summoning {unknown}
Potions
 b - a potion of berserk rage {unknown}
 d - 3 potions of curing {unknown}
 i - 2 potions of brilliance {unknown}
 j - 3 potions of haste {unknown}
 l - 6 potions of mutation {unknown}
 n - 2 potions of degeneration {unknown}
 r - a potion of attraction {unknown}
 s - a potion of flight {unknown}
 v - a potion of might {unknown}


   Skills:
 - Level 3.2 Fighting
 + Level 5.3 Dodging
 - Level 2.4 Stealth
 - Level 6.7 Spellcasting
 - Level 8.1 Conjurations
 - Level 2.5 Fire Magic
 - Level 7.3 Earth Magic


You had 10 spell levels left.
You knew the following spells:

 Your Spells              Type           Power      Damage    Failure   Level
a - Magic Dart            Conj           100%       1d8       1%          1
b - Searing Ray           Conj           100%       3d7       1%          2
c - Stone Arrow           Conj/Erth      100%       3d13      1%          3
d - Foxfire               Conj/Fire      100%       2x1d9     1%          1
e - Iskenderun's Mystic   Conj/Tloc      31%        2d8       11%         4

Your spell library contained the following spells:

 Spells                   Type           Power      Damage    Failure   Level
 Ignite Poison            Fire/Tmut/Pois 13%        N/A       13%         3
 Dazzling Flash           Conj/Hex       62%        N/A       3%          3
 Fulminant Prism          Conj/Hex       15%        3d11      11%         4
 Animate Armour           Summ/Erth      56%        N/A       13%         4
 Lehudib's Crystal Spear  Conj/Erth      25%        10d7      100%        8


Dungeon Overview and Level Annotations

Branches:
Dungeon (6/15)             Temple (0/1) D:5           Sewer (visited)

Altars:
Ashenzari
Makhleb
Sif Muna
Vehumet
The Shining One


Message History

The ogre is severely wounded.
Casting: Stone Arrow (safe; 1% risk of failure)
Confirm with . or Enter, or press ? or * to list all spells.
Aiming: Stone Arrow (safe; 1% risk of failure)
Press: ? - help, Shift-Dir - straight line, f/p - ogre
Aim: an ogre, wielding a +0 giant spiked club (severely wounded, 89% to hit)
The stone arrow misses the ogre.
Unknown command.
Casting: Stone Arrow (safe; 1% risk of failure)
Confirm with . or Enter, or press ? or * to list all spells.
Aiming: Stone Arrow (safe; 1% risk of failure)
Press: ? - help, Shift-Dir - straight line, f/p - ogre
Aim: an ogre, wielding a +0 giant spiked club (severely wounded, 89% to hit)
The stone arrow misses the ogre.
The ogre barely misses you.
Unknown command.
Casting: Stone Arrow (safe; 1% risk of failure)
Confirm with . or Enter, or press ? or * to list all spells.
Aiming: Stone Arrow (safe; 1% risk of failure)
Press: ? - help, Shift-Dir - straight line, f/p - ogre
Aim: an ogre, wielding a +0 giant spiked club (severely wounded, 89% to hit)
The stone arrow hits the ogre!!
You kill the ogre!
Vehumet accepts your kill.
You feel your power returning.
Your Dodging skill increases to level 5!
Deactivating autopickup; reactivate with Ctrl-A.
You barely miss something. Something hits you! Something hits you. x2
Something hits you. x2
As you read the scroll of fog, it crumbles to dust.
The scroll dissolves into smoke.
Something hits you. Something barely misses you. Something hits you!
Casting: Stone Arrow (safe; 1% risk of failure)
Confirm with . or Enter, or press ? or * to list all spells.
Aiming: Stone Arrow (safe; 1% risk of failure)
Press: ? - help, Shift-Dir - straight line
Aim: Disturbance (black smoke)
Something hits you!
* * * LOW HITPOINT WARNING * * *
Something hits you!
You die...

.# ##.#.#
...#.###
#......#
#)##.#.#
#.##.#.#
#§##.#.#
#§##§#.#
#§@{§..#
####§###
##.##
####)..#
#......#
#>##...#
####.######
..##.#
#.##.#


There were no monsters in sight!

Vanquished Creatures
  A wraith (D:6)
  2 water moccasins
  A sky beast (D:5)
  4 ogres
  A centaur (D:5)
  2 phantoms (D:5)
  2 kobold brigands (D:6)
  A bullfrog (D:4)
  A scorpion (D:5)
  A water moccasin skeleton (D:5)
  4 wights (D:6)
  A centaur zombie (D:5)
  2 jellies
  A bullfrog zombie (D:5)
  2 hounds
  An orc priest (D:6)
  A bullfrog skeleton (D:5)
  3 centaur skeletons
  2 iguanas (D:5)
  2 orc wizards
  A hound zombie (D:5)
  2 hound skeletons
  A howler monkey zombie (D:4)
  9 adders
  3 gnolls
  A howler monkey skeleton (D:5)
  An ufetubus (D:4)
  2 worms (D:2)
  3 dart slugs
  18 orcs
  9 ball pythons
  3 bats
  5 endoplasms
  3 giant cockroaches (D:3)
  8 goblins
  9 hobgoblins
  16 jackals
  16 kobolds
  9 frilled lizards
  5 rats
159 creatures vanquished.

Vanquished Creatures (others)
  13 foxfires (D:4)
  7 plants (Sewer)
20 creatures vanquished.

Grand Total: 179 creatures vanquished

Notes
Turn   | Place    | Note
-------+----------+-------------------------------------------
     0 | D:1      | hellse the Deep Elf Conjurer began the quest for the Orb.
     0 | D:1      | Reached XP level 1. HP: 10/10 MP: 6/6
   394 | D:1      | Found a faded altar of an unknown god.
   526 | D:1      | Reached XP level 2. HP: 15/15 MP: 6/8
   529 | D:1      | Reached skill level 5 in Conjurations
   537 | D:1      | Learned a level 2 spell: Searing Ray
  1000 | D:2      | Reached XP level 3. HP: 17/19 MP: 2/9
  1395 | D:2      | Reached XP level 4. HP: 24/24 MP: 6/12
  2073 | D:3      | Reached skill level 5 in Spellcasting
  2144 | D:3      | Found a radiant altar of Vehumet.
  2160 | D:3      | Became a worshipper of Vehumet
  2194 | D:3      | Found a burning altar of Makhleb.
  2196 | D:3      | Found a glowing golden altar of the Shining One.
  2197 | D:3      | Found a shimmering blue altar of Sif Muna.
  2330 | D:3      | Found a glowing drain.
  2343 | D:3      | Reached XP level 5. HP: 26/28 MP: 10/15
  2350 | D:3      | Learned a level 4 spell: Iskenderun's Mystic Blast
  2369 | Sewer    | Entered a sewer
  2562 | Sewer    | Reached skill level 1 in Fighting
  3295 | D:3      | Reached * piety under Vehumet
  3295 | D:3      | Offered knowledge of Foxfire by Vehumet.
  3397 | D:3      | Learned a level 1 spell: Foxfire
  4138 | D:4      | Reached skill level 1 in Fire Magic
  4205 | D:4      | Reached XP level 6. HP: 34/34 MP: 6/17
  4440 | D:4      | Found a broken altar of Ashenzari.
  4896 | D:5      | Entered Level 5 of the Dungeon
  4905 | D:5      | Learned a level 3 spell: Stone Arrow
  5240 | D:5      | Offered knowledge of Sandblast by Vehumet.
  5424 | D:6      | Reached ** piety under Vehumet
  5430 | D:6      | Reached XP level 7. HP: 38/38 MP: 2/19
  5695 | D:6      | Reached skill level 5 in Earth Magic
  6002 | D:5      | Reached XP level 8. HP: 22/43 MP: 14/20
  6252 | D:5      | Reached skill level 6 in Conjurations
  6499 | D:5      | Reached skill level 7 in Conjurations
  6511 | D:5      | Reached skill level 8 in Conjurations
  6691 | D:5      | Found a staircase to the Ecumenical Temple.
  7392 | D:5      | Identified the +2 short sword of Oenomania {vamp, *Rage rF+
                  | Will++}
  7740 | D:6      | Offered knowledge of Ignite Poison by Vehumet.
  7757 | D:6      | Reached XP level 9. HP: 51/51 MP: 6/21
  8066 | D:6      | Reached skill level 5 in Dodging
  8074 | D:6      | Slain by an unseen horror

Illustrated notes

Levels and vault maps discovered:
D:1:      evilmike_arrival_rings, layout_loops_cross, basic_ecumenical_altar,
          st_stairs_14
D:2:      layout_loops_ring, minmay_quadrilaterals
D:3:      layout_basic, mainiacjoe_overflow_concentric_impassable,
          grunt_temple_overflow_open, gup_sewer_entry_glass
D:4:      layout_basic, old_standard_altar
D:5:      minmay_razor_zed, layout_basic, temple_statues
D:6:      layout_loops_cross

Skill      XL: |  1  2  3  4  5  6  7  8  9 |
---------------+----------------------------+-----
Conjurations   | 5 8 |  8.1
Spellcasting   | 4 5 6 |  6.7
Fighting       | 1 3 |  3.2
Fire Magic     | 2 |  2.5
Earth Magic    | 3 7 |  7.3
Dodging        | 4 5 |  5.3
Stealth        | |  2.4

Action                   |  1- 3 |  4- 6 |  7- 9 || total
-------------------------+-------+-------+-------++-------
Melee: Dagger            |       |     8 |     1 ||     9
       Short sword       |       |       |     1 ||     1
 Cast: Magic Dart        |    54 |   102 |     7 ||   163
       Searing Ray       |     2 |     7 |       ||     9
       Foxfire           |       |    11 |       ||    11
       Stone Arrow       |       |    13 |    85 ||    98
  Use: Scroll            |       |     4 |     1 ||     5
 Stab: Sleeping          |       |     1 |       ||     1
Armor: Robe              |     1 |     4 |     4 ||     9
Dodge: Dodged            |       |    12 |    23 ||    35

Table legend: (Time is in decaauts)
 A = Elapsed time spent in this place.
 B = Non-inter-level travel time spent in this place.
 C = Inter-level travel time spent in this place.
 D = Time resting spent in this place.
 E = Time spent auto-exploring this place.
 F = Levels seen in this place.
 G = Mean time per level.
                   A        B        C        D        E       F      G
               +--------+--------+--------+--------+--------+-----+--------+
         Total |   8236 |   7790 |    446 |   1461 |   5320 |   7 | 1176.6 |
       Dungeon |   7350 |   6904 |    446 |   1399 |   4646 |   6 | 1225.0 |
         Sewer |    885 |    885 |      0 |     62 |    673 |   1 |  885.0 |
               +--------+--------+--------+--------+--------+-----+--------+

Top non-repeatable levels by time:
     D:5: 2331 daAuts
     D:4: 1123 daAuts
     D:2: 1075 daAuts
     D:3: 1037 daAuts
     D:1: 987 daAuts
   Sewer: 885 daAuts
     D:6: 795 daAuts
